 Dungeon Crawl Stone Soup version 0.20.1-1-g8b1a95d (webtiles) character file.

703394 kae the Phalangite (level 27, -9/165 HPs)
             Began as a Gargoyle Fighter on Sept 21, 2017.
             Was the Champion of Makhleb.
             Mangled by a death scarab (15 damage)
             ... on level 3 of the Tomb of the Ancients.
             The game lasted 02:14:04 (74540 turns).

kae the Phalangite (Gargoyle Fighter)              Turns: 74540, Time: 02:14:05

Health: -9/165     AC: 71    Str: 35 (36) XL:     27
Magic:  37/37      EV: 15    Int: 14      God:    Makhleb [******]
Gold:   8217       SH: 37    Dex: 13      Spells: 26/26 levels left

rFire    + . .     SeeInvis +   a - +18 lance "Wyrmbane" {slay drac, rPois rF+ rC+ AC+3}
rCold    + . .     Gourm    .   r - +8 large shield {reflect}
rNeg     + + +     Faith    .   W - +8 orange crystal plate armour {Archmagi, Int+3 Clar}
rPois    ∞         Spirit   .   N - +2 hat {SInv}
rElec    +         Reflect  +   d - +0 cloak of the World {MR+ Regen+ Stlth+}
rCorr    .         Harm     .   Z - +2 pair of gloves {Dex+3}
MR       +++++     Clarity  +   Y - +2 pair of boots {run} Stlth ..........Rnd*Tele +
                                V - necklace of Bloodlust {*Rage +Rage MR++ Int-3 Slay+6 *Curse}
Regen    0.8/turn               l - ring of Departure {rF- rN+ MR+ Int+3}
MPRegen  0.3/turn               z - ring of Harph {rF+ rN+ Str+2 Dex+3}

@: mighty, flying, slowed, very slow
A: big wings, horns 1, large bone plates 1, clumsy 1, frail 1, magic resistance
2, negative energy resistance 1, screaming 1, electricity resistance,
teleportitis 2, weak 1, unbreathing, petrification resistance, rot immunity,
subdued magic 1, MP-powered wands, AC +20
}: 4/15 runes: decaying, slimy, silver, gossamer
a: Stop Flying, Minor Destruction, Lesser Servant of Makhleb, Major Destruction,
Greater Servant of Makhleb, Renounce Religion, Evoke Berserk Rage


You were on level 3 of the Tomb of the Ancients.
You worshipped Makhleb.
Makhleb was exalted by your worship.
You were not hungry.

You visited 12 branches of the dungeon, and saw 56 of its levels.
You visited the Abyss 3 times.
You visited 1 bazaar.
You also visited: Bailey and Desolation.

You collected 8273 gold pieces.
You spent 56 gold pieces at shops.

Inventory:

Hand Weapons
 a - the +18 lance "Wyrmbane" (weapon) {slay drac, rPois rF+ rC+ AC+3}
   (You found it on level 14 of the Dungeon)

   It affects your AC (+3).
   It protects you from fire.
   It protects you from cold.
   It protects you from poison.
 j - the +8 storm bow {elec}
   (You found it in the Desolation of Salt)

   It charges the ammunition it shoots with electricity; occasionally upon a
   hit, such missiles may discharge and cause terrible harm.
Missiles
 E - 6 throwing nets (quivered)
Armour
 d - the +0 cloak of the World (worn) {MR+ Regen+ Stlth+}
   (You acquired it on level 3 of the Elven Halls)

   It affects your resistance to hostile enchantments.
   It increases your rate of regeneration.
   It makes you more stealthy.
 q - the +2 pair of boots of Ibli {rF+ MR+ Dex+6}
   (You found it on level 5 of the Vaults)

   It affects your dexterity (+6).
   It protects you from fire.
   It affects your resistance to hostile enchantments.
 r - a +8 large shield of reflection (worn)
 N - a +2 hat of see invisible (worn)
 W - the +8 orange crystal plate armour (worn) {Archmagi, Int+3 Clar}
   (You found it on level 5 of the Lair of Beasts)

   It affects your intelligence (+3).
   It protects you against confusion.
 Y - a +2 pair of boots of running (worn)
 Z - a +2 pair of gloves of dexterity (worn)
Jewellery
 l - the ring of Departure (left hand) {rF- rN+ MR+ Int+3}
   (You found it on level 3 of the Crypt)

   [ring of positive energy]

   It affects your intelligence (+3).
   It makes you vulnerable to fire.
   It protects you from negative energy.
   It affects your resistance to hostile enchantments.
 t - the amulet "Toblocwe" {+Rage rF+++ Str+7 Int-4 Dex-4}
   (You found it in the Desolation of Salt)

   [amulet of rage]

   It affects your strength (+7).
   It affects your intelligence (-4).
   It affects your dexterity (-4).
   It renders you almost immune to fire.
   It lets you go berserk.
 z - the ring of Harph (right hand) {rF+ rN+ Str+2 Dex+3}
   (You found it on level 13 of the Dungeon)

   [ring of protection from fire]

   It affects your strength (+2).
   It affects your dexterity (+3).
   It protects you from fire.
   It protects you from negative energy.
 L - the ring "Kayw" {rC+ MR+ Stlth+}
   (You found it on level 3 of the Spider Nest)

   [ring of protection from magic]

   It protects you from cold.
   It affects your resistance to hostile enchantments.
   It makes you more stealthy.
 P - an uncursed ring of resist corrosion
 V - the necklace of Bloodlust (around neck) {*Rage +Rage MR++ Int-3 Slay+6 *Curse}
   (You acquired it on level 2 of the Elven Halls)

   [amulet of rage]

   It affects your intelligence (-3).
   It affects your accuracy and damage with ranged weapons and melee attacks
   (+6).
   It affects your resistance to hostile enchantments.
   It lets you go berserk.
   It may make you go berserk in combat.
   It curses itself when equipped.
Wands
 e - a wand of paralysis (9/24)
 u - a wand of iceblast (5/15)
 O - a wand of iceblast (3/15)
Scrolls
 b - 4 scrolls of fear
 c - 3 scrolls of torment
 i - 20 scrolls of remove curse
 w - 14 scrolls of identify
 y - 9 scrolls of enchant armour
 B - 8 scrolls of enchant weapon
 F - 11 scrolls of teleportation
 G - a scroll of brand weapon
 I - 3 scrolls of magic mapping
 J - 11 scrolls of amnesia
 K - 7 scrolls of recharging
 Q - 5 scrolls of fog
 S - a scroll of silence
Potions
 g - 10 potions of agility
 s - 9 potions of brilliance
 v - 5 potions of berserk rage
 x - 3 potions of invisibility
 A - a potion of cancellation
 D - 13 potions of curing
 H - a potion of magic
 M - 8 potions of ambrosia
 R - a potion of heal wounds
 U - 2 potions of resistance
 X - 6 potions of haste
Comestibles
 f - 21 bread rations
 h - 32 meat rations
 k - 18 royal jellies
 o - 48 fruits


   Skills:
 + Level 22.0 Fighting
 * Level 26.0 Polearms
 + Level 22.2 Armour
 + Level 15.7 Dodging
 + Level 19.7 Shields
 + Level 21.4 Invocations


You had 26 spell levels left.
You didn't know any spells.

Dungeon Overview and Level Annotations

Branches:
Dungeon (15/15)            Temple (1/1) D:5            Lair (6/6) D:9
  Swamp (4/4) Lair:3       Spider (4/4) Lair:4        Slime (5/5) Lair:5
    Orc (2/2) D:12            Elf (3/3) Orc:2        Vaults (5/5) D:13
  Crypt (3/3) Vaults:2       Tomb (3/3) Crypt:3      Depths (5/5) D:15
    Zot (0/5) Depths:5

Altars:
Ashenzari
Cheibriados
Dithmenos
Elyvilon
Fedhas
Gozag
Hepliaklqana
Kikubaaqudgha
Makhleb
Nemelex Xobeh
Okawaru
Qazlal
Ru
Sif Muna
Trog
Uskayaw
Vehumet
Xom
Yredelemnul
Zin
The Shining One
Jiyva

Shops:
D:5 %   D:8 *   D:12 [   Orc:2 ?}(*?   Elf:2 ?   Elf:3 *=}=   Vaults:1 ?}*(
Vaults:4 (

Portals:
Hell: Depths:1 Depths:2 Depths:3 Depths:4 Depths:5
Abyss: Depths:1 Depths:3 Depths:4
Pandemonium: Orc:2 Depths:3 Depths:5
Ziggurat: Depths:1
Trove: D:10 (give horn of Geryon)

Annotations:
D:7 Thaneod's ghost, novice MiFi
Lair:4 exclusion: oklob plant
Tomb:3 Mennas


Innate Abilities, Weirdness & Mutations

You are resistant to torment.
Your stone body is resilient. (AC +20)
You are immune to poison.
Your large and strong wings let you fly indefinitely.
You resist negative energy. (rN+)
You are resistant to electric shocks. (rElec)
You can survive without breathing.
You are immune to petrification.
You are immune to rotting.
You have a pair of small horns on your head.
You are partially covered in large bone plates. (SH +4)
You are clumsy. (Dex -2)
You are frail. (-10% HP)
You are highly resistant to hostile enchantments. (MR++)
You occasionally shout uncontrollably at your foes.
You are sometimes teleported next to monsters.
You are weak. (Str -2)
Your spells are a little easier to cast, but a little less powerful.
You expend magic power (3 MP) to strengthen your wands.


Message History

The wolf spider simulacrum bites you but does no damage.
A greater mummy comes into view.
You barely miss the greater mummy.
The greater mummy is severely damaged.
You are no longer corroded.
The death scarab barely misses you. You block the death scarab's attack. x3
The death scarab bites you but does no damage. x5
The wolf spider simulacrum misses you.
You block the wolf spider simulacrum's attack.
The greater mummy calls on the powers of darkness!
You feel a surge of unholy energy.
The bennu convulses!
The emperor scorpion convulses!
The mana viper convulses! x2
Mennas convulses!
You block the death scarab's attack.
The bennu's plumage briefly flares with an otherwordly flame.
You impale the greater mummy!! You headbutt the greater mummy!!
The greater mummy is almost destroyed.
You block the death scarab's attack. x2
The death scarab completely misses you. You block the death scarab's attack. x3
The death scarab bites you!
You die...

************** *******
***,,,,,,,,,,,,*** ***,,,,,,
**,,,,,,,,,,,,,,,,***,,,,,,,,
*,,,,,,,,,,,,,,,,,,*,,,,,,,,,
**,,,,,,,,,,,,,,,,,,,,,,,,,,,,
*,,,,,.,,,###**,,,,,,,,,,*****
*,,,,,...##zs###**,,,,,****,,*
*,,,,,.....ssZs##**,,,****,,,,
*,,**,..M.WsM@ss#***,****,,,,,
*,,***#...ssssssM#******,,,,,,
*,,* ##...Wbs8ss1#* **,,,,,,,
*,,*


##.WMszzsL..# *,,,,,,,, *,,* #..WsMMzzS.#**,,,,,,,, *,,* ##W.ZMZ.WMSM#,,,,,,,,,
*,,** #M..MzsM.Z3#,,,,,,,,, *,,,*****##M.A.VMM.4M,,,,,,,,*
**,,,,,,**#.........,,,,,,,,,* You could see 6 greater mummies, Mennas, a Hell
Sentinel, an emperor scorpion, a lich, a bennu, an ancient champion, 4 mummy
priests, a jiangshi, 2 flayed ghosts, 2 mana vipers, 3 guardian mummies, an
ushabti, a rust devil, a freezing wraith, a spectral swamp dragon, a smoke
demon, 3 hungry ghosts, 19 death scarabs, 5 flying skulls, 3 mummies, a wolf
spider simulacrum, a fire giant simulacrum and a seven-headed hydra zombie.

Vanquished Creatures
  the Royal Jelly (Slime:5)
  Khufu (Tomb:1)
  Mara (Crypt:2)
  4 ancient liches
  18 greater mummies
  Frederick (Tomb:1)
  Boris (Vaults:5)
  Xtahua (Crypt:2)
  Bai Suzhen (Depths:1)
  Saint Roka (Crypt:2)
  A caustic shrike (Depths:2)
  4 bone dragons
  Jory (Depths:3)
  3 golden dragons
  A profane servitor (Crypt:3)
  Arachne (Spider:3)
  A shard shrike zombie (Crypt:2)
  2 tentacled monstrosities
  A shard shrike skeleton (Crypt:1)
  7 liches
  A Hell Sentinel (Abyss:3)
  7 tentacled starspawn
  A deep elf blademaster (Elf:3)
  4 titans
  2 deep elf master archers (Elf:3)
  29 acid blobs
  7 sphinxes
  Kirke (Elf:1)
  7 ancient champions
  4 tengu reavers
  3 thorn hunters
  5 storm dragons
  2 shadow dragons (Vaults:5)
  4 revenants
  12 azure jellies
  A draconian knight (Depths:5)
  A nagaraja (Depths:4)
  13 fire giants
  3 iron dragons
  15 deep elf sorcerers
  8 ghost moths
  A ghost moth (shapeshifter) (Depths:2)
  3 orc warlords
  2 caustic shrike zombies (Depths:3)
  13 frost giants
  3 imperial myrmidons (Desolation)
  19 vault wardens
  Louise (Elf:1)
  3 curse skulls
  A reaper (Crypt:2)
  4 ghouls
  10 deep elf elementalists
  16 ironheart preservers
  31 very ugly things
  21 stone giants
  5 emperor scorpions
  A draconian stormcaller (Depths:5)
  5 entropy weavers
  4 war gargoyles (Vaults:5)
  A black draconian (Depths:5)
  6 bennus
  An ophan (Abyss:5)
  15 vampire knights
  A lorocyproca (Abyss:3)
  2 yellow draconians
  6 deep elf demonologists
  9 deep elf annihilators
  4 purple draconians (Depths:5)
  7 spark wasps
  A red draconian (Depths:5)
  A halazid warlock (Desolation)
  13 ettins
  3 minotaurs
  4 crystal guardians
  A merfolk javelineer (Depths:2)
  9 death oozes
  A blizzard demon (Depths:5)
  An eidolon (Crypt:2)
  8 fire dragons
  21 jiangshi
  8 deep elf death magi
  15 mummy priests
  A merfolk impaler (Depths:2)
  14 yaktaur captains
  A green death (Depths:3)
  12 great orbs of eyes
  5 servants of whispers (Desolation)
  5 deep elf high priests
  14 ogre magi
  A spectral quicksilver dragon (Crypt:3)
  Josephine (D:14)
  The ghost of vineage the Basher, a journeyman GrFi of Okawaru (D:12)
  5 ragged hierophants (Desolation)
  Harold (Lair:1)
  4 rakshasas
  7 hydras
  9 ice dragons
  2 catoblepae
  4 peacekeepers (Desolation)
  30 vault guards
  7 spriggan air magi
  12 death knights
  2 naga warriors (Depths:4)
  5 centaur warriors
  2 ghost crabs (Swamp:1)
  An alligator (shapeshifter) (Vaults:5)
  3 deep troll shamans
  41 two-headed ogres
  16 death scarabs
  A hell hog (Depths:5)
  26 dancing weapons
  8 tengu warriors
  11 alligators
  6 death yaks
  7 orc high priests
  3 thrashing horrors
  6 deep troll earth magi
  5 vampire magi
  A sun demon (Abyss:3)
  5 spriggan berserkers
  Nergalle (Lair:3)
  18 deep elf knights
  A storm dragon zombie (Tomb:1)
  A titan skeleton (Depths:3)
  6 wretched stars
  150 slime creatures
  3 salamander mystics
  2 hell knights
  15 shadow wraiths
  A deep troll (shapeshifter) (Depths:5)
  An iron troll (Depths:3)
  A sixfirhy (Abyss:3)
  2 spatial maelstroms (Abyss:5)
  54 skeletal warriors
  18 large abominations
  A storm dragon skeleton (Vaults:2)
  A golden dragon zombie (Depths:3)
  An iron troll (shapeshifter) (Vaults:5)
  3 unseen horrors
  A quicksilver dragon simulacrum (Crypt:3)
  A torturous demonspawn (Depths:5)
  An unseen horror (shapeshifter) (Elf:1)
  A spriggan druid (Swamp:4)
  An infernal demonspawn (Orc:2)
  17 deep trolls
  10 flayed ghosts
  4 starcursed masses (Abyss:5)
  11 wizards
  23 phantasmal warriors
  16 deep elf archers
  3 shambling mangroves
  A gelid demonspawn (Depths:3)
  10 glowing orange brains
  2 swamp dragons
  5 harpies
  12 necromancers
  18 orc knights
  An iron dragon zombie (Tomb:1)
  An orb spider (shapeshifter) (Vaults:2)
  Pikel (D:6)
  A harpy (shapeshifter) (Vaults:5)
  20 orb spiders
  19 ironbrand convokers
  9 shining eyes
  48 ugly things
  A sphinx zombie (Depths:3)
  45 wolf spiders
  A wolf spider zombie (D:15)
  A stone giant zombie (Crypt:1)
  2 shadow dragon skeletons
  A spectral ice dragon (Crypt:3)
  2 tengu skeletons (Vaults:2)
  A cyclops (shapeshifter) (Vaults:5)
  3 manticores
  2 sphinx skeletons
  50 deep elf magi
  A fire giant zombie (Vaults:2)
  3 human zombies
  3 salamanders (Depths:5)
  A cyclops (Vaults:2)
  2 frost giant skeletons (Crypt:1)
  A worldbinder (Abyss:3)
  10 orc sorcerers
  10 elephants
  A dire elephant zombie (Tomb:1)
  A moth of wrath (shapeshifter) (Depths:3)
  7 stone giant skeletons
  A moth of wrath (Spider:1)
  A guardian serpent (shapeshifter) (Depths:2)
  A black mamba (shapeshifter) (Vaults:2)
  2 centaur zombies
  3 guardian serpents
  A titan simulacrum (Abyss:3)
  A molten gargoyle (Desolation)
  A water nymph (shapeshifter) (Vaults:5)
  Maurice (D:13)
  3 smoke demons
  17 vault sentinels
  2 black mambas
  An apocalypse crab (Abyss:5)
  4 eyes of devastation
  4 torpor snails
  3 naga magi
  3 gargoyles
  23 spiny frogs
  30 yaktaurs
  A hellion (Tomb:2)
  11 rime drakes
  A kobold demonologist (D:13)
  A dire elephant skeleton (Tomb:1)
  An efreet (Depths:4)
  A storm dragon simulacrum (Vaults:2)
  17 demonic crawlers
  A yaktaur (shapeshifter) (Vaults:4)
  A rime drake (shapeshifter) (Depths:5)
  15 freezing wraiths
  3 hellwings
  An ice devil (Depths:3)
  A red devil (Orc:2)
  5 ancient zymes
  A tormentor (Abyss:5)
  5 tengu conjurers
  5 komodo dragons
  2 yaktaur skeletons (Vaults:2)
  9 human skeletons
  6 meliai
  A silent spectre (Abyss:5)
  A harpy zombie (Crypt:2)
  3 hydra zombies
  26 guardian mummies
  3 trolls
  A grey draconian skeleton (Crypt:1)
  A jumping spider zombie (Crypt:1)
  A jumping spider (shapeshifter) (Depths:3)
  A wolf spider simulacrum (Tomb:1)
  3 polar bears
  A queen bee (shapeshifter) (Vaults:4)
  A queen bee (Abyss:5)
  33 jumping spiders
  7 tyrant leeches
  22 hornets
  17 blink frogs
  A hornet (shapeshifter) (Depths:1)
  A raiju (shapeshifter) (Depths:2)
  6 raiju
  12 bog bodies
  34 saltlings (Desolation)
  2 harpy skeletons
  3 dream sheep (Lair:6)
  11 hippogriffs
  A sphinx simulacrum (Depths:3)
  A black mamba zombie (Crypt:3)
  A fire giant simulacrum (Crypt:1)
  A fire dragon zombie (Tomb:2)
  2 spectral swamp dragons (Swamp:4)
  An ice dragon zombie (Crypt:1)
  A frost giant simulacrum (Crypt:3)
  A meliai zombie (D:14)
  77 flying skulls
  An ice dragon skeleton (Crypt:1)
  A spriggan (shapeshifter) (Vaults:3)
  A spriggan skeleton (Depths:3)
  2 ettin skeletons
  2 vampires
  13 air elementals
  5 ynoxinuls
  69 redbacks
  22 wraiths
  A yak (shapeshifter) (Vaults:3)
  18 spriggans
  A wyvern (Lair:4)
  10 ushabtiu
  12 water elementals
  A wyvern (shapeshifter) (Vaults:5)
  12 shadows
  A hog (shapeshifter) (Vaults:5)
  Eustachio (D:6)
  52 tarantellas
  2 hogs (Elf:1)
  4 golden eyes
  A golden eye (shapeshifter) (Vaults:3)
  50 yaks
  6 basilisks
  A basilisk (shapeshifter) (Vaults:2)
  2 fire elementals (Elf:2)
  2 hungry ghosts
  19 vampire mosquitoes
  7 chaos spawn
  12 steam dragons
  An elf skeleton (Depths:3)
  3 wargs
  15 small abominations
  A spatial vortex (Abyss:5)
  Edmund (D:6)
  3 neqoxecs
  The ghost of kae the Skirmisher, an amateur GrFi (D:3)
  20 swamp worms
  16 insubstantial wisps
  A merfolk zombie (Crypt:1)
  2 acid dragons
  A soldier ant (D:13)
  12 water moccasins
  A hydra simulacrum (Crypt:3)
  7 porcupines
  6 hell hounds
  A monstrous demonspawn skeleton (Crypt:2)
  3 ice beasts
  7 black bears
  5 swamp drakes
  52 orc warriors
  3 sky beasts
  3 slaves (D:6)
  A water nymph skeleton (Crypt:1)
  5 eyes of draining
  A fire dragon simulacrum (Crypt:1)
  7 necrophages
  2 swamp dragon zombies (Swamp:4)
  7 phantoms
  9 boggarts
  13 centaurs
  2 eyes of draining (shapeshifter) (Vaults:3)
  40 ogres
  A snapping turtle skeleton (Crypt:1)
  56 wolves
  8 big kobolds
  19 crocodiles
  An elf zombie (Elf:1)
  3 gnoll sergeants (D:12)
  10 bullfrogs
  A deep troll simulacrum (Vaults:2)
  3 earth elementals
  3 wyvern skeletons
  6 scorpions
  5 killer bees
  A howler monkey (shapeshifter) (Vaults:5)
  19 wights
  4 electric eels
  5 howler monkeys
  6 crimson imps
  2 bullfrog zombies
  A human simulacrum (Vaults:3)
  17 jellies
  3 quasits
  7 hounds
  29 orc priests
  4 centaur skeletons
  2 gnoll shamans (D:8)
  26 orc wizards
  4 bullfrog skeletons
  5 iguanas
  A demonspawn skeleton (Crypt:1)
  4 hell rats (Lair:3)
  A spectral swamp drake (Swamp:4)
  11 worker ants
  A hound zombie (D:8)
  2 hound skeletons
  32 mummies
  A howler monkey zombie (D:10)
  A worker ant zombie (D:11)
  33 gnolls
  10 adders
  3 shadow imps
  A white imp (Depths:1)
  An ufetubus (Abyss:2)
  4 oozes
  An adder skeleton (D:8)
  An adder zombie (D:9)
  2 iguana skeletons (Crypt:2)
  4 worms
  2 dart slugs
  6 leopard geckos
  119 orcs
  2 giant cockroaches
  9 goblins
  5 hobgoblins
  6 jackals
  18 kobolds
  3 quokkas
  A ball python zombie (D:6)
  8 bats
  3 frilled lizards
  2 giant cockroach zombies
  A jackal skeleton (D:6)
  A jackal zombie (D:7)
  A kobold zombie (Crypt:1)
  A quokka skeleton (D:4)
  7 rats
  2 rat zombies (D:7)
  A spectral orc (D:4)
  4 briar patches
  A crawling corpse (Elf:1)
  3 fungi
  A lurking horror (Abyss:3)
  A pillar of salt (Elf:2)
  A plant (D:8)
  6 starspawn tentacles
  A withered plant (Crypt:2)
3046 creatures vanquished.

Vanquished Creatures (collateral kills)
  3 greater mummies (Tomb:1)
  Nikola (Swamp:4)
  Gastronok (Lair:3)
  2 emperor scorpions
  An entropy weaver (Spider:3)
  A deep elf high priest (Elf:3)
  2 hydras (Swamp:4)
  A rakshasa (Depths:1)
  A servant of whispers (Desolation)
  2 vault guards (Vaults:5)
  An alligator (Swamp:3)
  4 death scarabs
  4 death yaks (Lair:3)
  A deep troll earth mage (Depths:1)
  2 tengu warriors (D:13)
  An orc high priest (Orc:2)
  An infernal demonspawn (Orc:2)
  A torturous demonspawn (Orc:2)
  2 spectral hydras (Swamp:4)
  A phantasmal warrior (Swamp:4)
  An orc knight (Orc:1)
  An orb spider (Spider:4)
  An ugly thing (Vaults:3)
  An elephant (Lair:6)
  A demonic crawler (Spider:4)
  A swamp worm zombie (Swamp:4)
  A komodo dragon (Lair:1)
  A rime drake (Lair:5)
  A yaktaur (D:11)
  2 tengu conjurers (D:13)
  A guardian mummy (Tomb:3)
  A hydra zombie (Swamp:4)
  A polar bear (Lair:6)
  2 jumping spiders
  4 saltlings (Desolation)
  5 hornets
  A slime creature (Swamp:3)
  An alligator zombie (Swamp:4)
  A spectral swamp dragon (Swamp:4)
  5 spriggans
  A tarantella (Spider:1)
  2 redbacks
  A water elemental (Elf:1)
  3 yaks
  2 vampire mosquitoes (D:13)
  A steam dragon (Lair:5)
  A hungry ghost (D:11)
  An insubstantial wisp (Swamp:4)
  A swamp worm (Lair:3)
  2 water moccasins
  5 orc warriors
  2 swamp dragon zombies (Swamp:4)
  A phantom (Swamp:4)
  12 wolves
  A crocodile (Lair:3)
  An orc priest (Orc:1)
  2 spectral swamp drakes (Swamp:4)
  3 mummies
  4 orcs
112 creatures vanquished.

Vanquished Creatures (others)
  A lich (Abyss:5)
  A deep elf master archer (Elf:3)
  An ancient champion (Tomb:2)
  2 vault wardens
  2 stone giants (Depths:2)
  Nessos (D:13)
  3 yaktaur captains
  A centaur warrior (Depths:4)
  18 death scarabs
  A titan zombie (Tomb:2)
  2 deep elf archers (Elf:2)
  4 cyclopes
  A spiny frog (Swamp:2)
  A centaur skeleton (D:11)
  17 yaktaurs
  A guardian mummy (Tomb:3)
  A hydra zombie (Tomb:2)
  A jumping spider (Spider:4)
  A saltling (Desolation)
  An ettin zombie (Crypt:3)
  8 flying skulls (Tomb:2)
  A redback (Spider:2)
  2 humans (Elf:1)
  A neqoxec (Depths:5)
  3 orc warriors
  3 centaurs
  A killer bee (Abyss:5)
  A wight (D:13)
  A hound (D:6)
  An orc wizard (D:13)
  2 mummies
  A worm (D:6)
  2 orcs
  A giant cockroach (D:6)
  18 fungi
  21 plants
  12 starspawn tentacles (Abyss:5)
140 creatures vanquished.

Grand Total: 3298 creatures vanquished

Notes
Turn   | Place    | Note
-------+----------+-------------------------------------------
     0 | D:1      | kae the Gargoyle Fighter began the quest for the Orb.
     0 | D:1      | Reached XP level 1. HP: 14/14 MP: 1/1
    25 | D:1      | Reached skill level 2 in Polearms
    35 | D:1      | Reached XP level 2. HP: 19/19 MP: 2/2
   498 | D:1      | Reached XP level 3. HP: 23/23 MP: 3/3
  1002 | D:2      | Found an iron altar of Okawaru.
  1017 | D:2      | Reached skill level 3 in Polearms
  1031 | D:2      | Reached XP level 4. HP: 22/29 MP: 4/4
  1570 | D:3      | Noticed kae's ghost (amateur GrFi)
  1579 | D:3      | Killed kae's ghost
  1579 | D:3      | Reached skill level 4 in Polearms
  1579 | D:3      | Reached XP level 5. HP: 30/34 MP: 5/5
  1619 | D:3      | Reached XP level 6. HP: 39/39 MP: 6/6
  2091 | D:4      | Found an opulent altar of Gozag.
  2123 | D:4      | Found a basalt altar of Yredelemnul.
  2153 | D:4      | Found a blossoming altar of Fedhas.
  2155 | D:4      | Found a shimmering altar of Xom.
  2155 | D:4      | Found a snail-covered altar of Cheibriados.
  2157 | D:4      | Found a shimmering altar of Xom.
  2157 | D:4      | Found a glowing silver altar of Zin.
  2157 | D:4      | Found a stormy altar of Qazlal.
  2275 | D:4      | Reached skill level 5 in Fighting
  2363 | D:4      | Reached skill level 5 in Armour
  2363 | D:4      | Reached XP level 7. HP: 44/44 MP: 7/7
  2435 | D:4      | Found a white marble altar of Elyvilon.
  2436 | D:4      | Reached skill level 5 in Polearms
  2653 | D:4      | Found a blossoming altar of Fedhas.
  3002 | D:5      | Entered Level 5 of the Dungeon
  3077 | D:5      | Found Kysat's Food Boutique.
  3084 | D:5      | Found a staircase to the Ecumenical Temple.
  3115 | Temple   | Entered the Ecumenical Temple
  3156 | Temple   | Became a worshipper of Makhleb the Destroyer
  3783 | D:6      | Reached XP level 8. HP: 51/51 MP: 8/8
  3829 | D:6      | Reached skill level 1 in Invocations
  3840 | D:6      | Found a blossoming altar of Fedhas.
  3843 | D:6      | Found a shadowy altar of Dithmenos.
  3845 | D:6      | Noticed Edmund
  3859 | D:6      | Killed Edmund
  3859 | D:6      | Reached skill level 6 in Polearms
  4049 | D:6      | Noticed Pikel
  4057 | D:6      | Gained mutation: You are dopey. (Int -2) [potion of mutation]
  4057 | D:6      | Gained mutation: Your movements are slightly less encumbered by armour. (ER -2) [potion of mutation]
  4084 | D:6      | HP: 2/76 [Pikel/whip of electrocution (20)]
  4085 | D:6      | Killed Pikel
  4445 | D:6      | Found a deep blue altar of Sif Muna.
  4452 | D:6      | Found a hide-covered altar of Uskayaw.
  4510 | D:6      | Reached skill level 7 in Polearms
  4528 | D:6      | Found a glowing golden altar of the Shining One.
  4592 | D:6      | Noticed Eustachio
  4638 | D:6      | Killed Eustachio
  4638 | D:6      | Reached XP level 9. HP: 37/56 MP: 11/11
  4911 | D:7      | Reached * piety under Makhleb
  5104 | D:7      | Noticed Thaneod's ghost (novice MiFi)
  5575 | D:7      | Found an ancient bone altar of Kikubaaqudgha.
  5711 | D:8      | Found a snail-covered altar of Cheibriados.
  5853 | D:8      | Noticed a two-headed ogre
  5893 | D:8      | HP: 1/57 [centaur (4)]
  6354 | D:8      | Found a sacrificial altar of Ru.
  6506 | D:8      | Found Lowy's General Store.
  6603 | D:8      | Reached ** piety under Makhleb
  6603 | D:8      | Reached skill level 8 in Polearms
  6626 | D:8      | Noticed a two-headed ogre
  6902 | D:8      | HP: 2/58 [two-headed ogre/giant club (13)]
  7294 | D:8      | Reached skill level 5 in Invocations
  9229 | D:8      | Reached XP level 10. HP: 59/64 MP: 13/13
  9693 | D:8      | Killed a two-headed ogre
  9819 | D:8      | Reached skill level 9 in Polearms
 10833 | D:9      | Found a staircase to the Lair.
 11479 | D:8      | HP: 3/65 [something (5)]
 11496 | D:8      | Killed a two-headed ogre
 11496 | D:8      | Reached XP level 11. HP: 27/71 MP: 14/16
 11847 | D:8      | Reached *** piety under Makhleb
 12108 | D:9      | Found a sacrificial altar of Ru.
 12261 | D:10     | Entered Level 10 of the Dungeon
 12261 | D:10     | Noticed a two-headed ogre
 12275 | D:9      | Killed a two-headed ogre
 12275 | D:9      | Reached skill level 10 in Polearms
 12785 | D:10     | Noticed a two-headed ogre
 12797 | D:10     | Killed a two-headed ogre
 12858 | D:10     | Found a portal to a secret trove of treasure.
 13374 | Lair:1   | Entered Level 1 of the Lair of Beasts
 13900 | Lair:1   | Noticed Harold
 13933 | Lair:1   | Killed Harold
 13933 | Lair:1   | Reached skill level 10 in Fighting
 13933 | Lair:1   | Reached skill level 11 in Polearms
 13933 | Lair:1   | Reached skill level 10 in Armour
 14425 | Lair:1   | Reached XP level 12. HP: 69/77 MP: 18/18
 14810 | Lair:1   | Reached **** piety under Makhleb
 15678 | Lair:3   | Noticed Nergalle
 15678 | Lair:3   | Noticed a death yak
 15678 | Lair:3   | Noticed a death yak
 15678 | Lair:3   | Noticed a death yak
 15678 | Lair:3   | Noticed a death yak
 15678 | Lair:3   | Noticed a death yak
 15678 | Lair:3   | Noticed a death yak
 15697 | Lair:2   | Killed a death yak
 15829 | Lair:3   | Reached skill level 12 in Polearms
 16415 | Lair:3   | Noticed Gastronok
 16428 | Lair:3   | Killed Gastronok
 16523 | Lair:3   | Reached XP level 13. HP: 84/84 MP: 20/20
 16567 | Lair:3   | Killed Nergalle
 16618 | Lair:3   | Reached skill level 10 in Invocations
 17046 | Lair:3   | Found a staircase to the Swamp.
 17457 | Lair:4   | Reached skill level 13 in Polearms
 17579 | Lair:4   | Found a hole to the Spider Nest.
 19593 | Lair:5   | Found a staircase to the Slime Pits.
 19824 | Lair:5   | Noticed a fire dragon
 20104 | Lair:5   | Killed a fire dragon
 20104 | Lair:5   | Gained mutation: Your large and strong wings let you fly indefinitely. [Gargoyle growth]
 20104 | Lair:5   | Reached XP level 14. HP: 41/92 MP: 22/22
 20395 | Lair:6   | Entered Level 6 of the Lair of Beasts
 20981 | Lair:6   | Reached skill level 1 in Dodging
 21022 | Lair:6   | Reached skill level 14 in Polearms
 23167 | D:11     | Reached ***** piety under Makhleb
 23636 | D:11     | Reached XP level 15. HP: 97/97 MP: 23/23
 23819 | D:11     | Got a steaming wooden ring
 24369 | Lair:1   | Identified a scroll of acquirement
 24375 | Lair:1   | Identified the ring of Rotio {rC++ MP+9 Int-2} (You found it on level 11 of the Dungeon)
 24449 | D:12     | Noticed vineage's ghost (journeyman GrFi)
 24469 | D:12     | Killed vineage's ghost
 24572 | D:12     | Found Ekainat's Antique Armour Shop.
 24634 | D:12     | Found a hazy altar of Hepliaklqana.
 24788 | D:12     | Found a flagged portal.
 24919 | Bailey   | Entered a bailey
 25153 | Bailey   | Identified the Papyrus of Creation
 25408 | D:12     | Reached skill level 15 in Polearms
 25419 | D:12     | Found a staircase to the Orcish Mines.
 25580 | Orc:1    | Entered Level 1 of the Orcish Mines
 25620 | Orc:1    | Noticed an orc warlord
 25641 | Orc:1    | Killed an orc warlord
 25850 | Orc:1    | Found a burning altar of Makhleb.
 26220 | Orc:2    | Entered Level 2 of the Orcish Mines
 26261 | Orc:2    | Reached ****** piety under Makhleb
 26427 | Orc:2    | Found a staircase to the Elven Halls.
 26535 | Orc:2    | Found Ygeqaipp's Magic Scroll Emporium.
 26544 | Orc:2    | Bought a scroll of identify for 26 gold pieces
 26588 | Orc:2    | Found Yzijiof's Magic Scroll Shop.
 26694 | Orc:2    | Found Jeplynew's General Store.
 26746 | Orc:2    | Bought a scroll of identify for 30 gold pieces
 26984 | Orc:2    | Paralysed by an orc sorcerer for 5 turns
 27022 | Orc:2    | Paralysed by an orc sorcerer for 2 turns
 27090 | Orc:2    | Found Ripefy's Gadget Shoppe.
 27090 | Orc:2    | Found a one-way gate leading to the halls of Pandemonium.
 27090 | Orc:2    | Found Doduada's Antique Weapon Emporium.
 27705 | D:13     | Reached skill level 5 in Shields
 27705 | D:13     | Reached XP level 16. HP: 104/104 MP: 25/25
 27756 | D:13     | Reached skill level 5 in Dodging
 27814 | D:13     | Found a gate to the Vaults.
 27864 | D:13     | Got a clouded brass ring
 27900 | D:13     | Noticed Nessos
 27907 | D:13     | Killed Nessos
 28015 | D:13     | Found a radiant altar of Vehumet.
 28205 | D:13     | Noticed Maurice
 28222 | D:13     | Killed Maurice
 28880 | D:14     | Noticed Josephine
 28903 | D:14     | Killed Josephine
 29029 | D:14     | Found a sparkling altar of Nemelex Xobeh.
 29259 | D:14     | Found a deep blue altar of Sif Muna.
 29478 | D:15     | Entered Level 15 of the Dungeon
 29596 | D:15     | Paralysed by an orc sorcerer for 3 turns
 29617 | D:15     | Paralysed by an ogre mage for 2 turns
 29620 | D:15     | Reached skill level 16 in Polearms
 30088 | D:15     | Found a shattered altar of Ashenzari.
 30243 | D:15     | Found a staircase to the Depths.
 30698 | Lair:1   | Identified the ring of Harph {rF+ rN+ Str+2 Dex+3} (You found it on level 13 of the Dungeon)
 30704 | Lair:1   | Got a slimy pewter ring
 30706 | Lair:1   | Identified the ring "Ducloj" {Wiz rN+} (You acquired it on level 1 of the Lair of Beasts)
 30854 | Spider:1 | Entered Level 1 of the Spider Nest
 31318 | Spider:1 | Reached XP level 17. HP: 108/111 MP: 27/27
 33464 | Spider:3 | Got a scintillating glass ring
 33484 | Spider:3 | Identified the ring "Kayw" {rC+ MR+ Stlth+} (You found it on level 3 of the Spider Nest)
 33654 | Spider:3 | Noticed Arachne
 34584 | Spider:3 | Reached skill level 15 in Armour
 34771 | Spider:3 | Killed Arachne
 34852 | Spider:3 | Reached XP level 18. HP: 111/118 MP: 28/28
 35267 | Spider:3 | Reached skill level 15 in Fighting
 35406 | Spider:4 | Entered Level 4 of the Spider Nest
 36003 | Spider:4 | Reached skill level 17 in Polearms
 36889 | Spider:4 | Got a gossamer rune of Zot
 37389 | Swamp:1  | Entered Level 1 of the Swamp
 39466 | Swamp:3  | Got a faintly glowing broad axe
 39492 | Swamp:3  | Reached XP level 19. HP: 124/124 MP: 30/30
 39944 | Swamp:4  | Entered Level 4 of the Swamp
 39960 | Swamp:4  | Reached skill level 10 in Shields
 40261 | Swamp:4  | Noticed Nikola
 40278 | Swamp:4  | Killed Nikola
 40694 | Swamp:4  | Noticed a bone dragon
 40732 | Swamp:4  | Killed a bone dragon
 40742 | Swamp:4  | Got a decaying rune of Zot
 41181 | Elf:1    | Entered Level 1 of the Elven Halls
 41192 | Elf:1    | Reached skill level 15 in Invocations
 41253 | Elf:1    | Noticed Kirke
 41276 | Elf:1    | Killed Kirke
 41405 | Elf:1    | Noticed Louise
 41433 | Elf:1    | Cast into level 3 of the Abyss (Louise)
 41539 | Abyss:3  | Reached skill level 18 in Polearms
 41585 | Abyss:3  | Gained mutation: You have a pair of small horns on your head. [a neqoxec]
 41611 | Abyss:3  | Noticed a Hell Sentinel
 41631 | Abyss:3  | Killed a Hell Sentinel
 41757 | Abyss:3  | Found a viscous altar of Jiyva.
 41981 | Elf:1    | Escaped the Abyss
 41998 | Elf:1    | Killed Louise
 42343 | Elf:1    | Identified the Catalogue of Evil
 42707 | Elf:2    | Found a ruined gateway.
 42723 | Desolati | Entered the Desolation of Salt
 42839 | Desolati | Reached XP level 20. HP: 131/131 MP: 31/31
 43362 | Desolati | Got a sparkling iron amulet
 43363 | Desolati | Identified the Compendium of Venom and Evil Rituals
 43675 | Desolati | Got a sparkling silver amulet
 43682 | Desolati | Identified the Grimoire of Sinister Secrets
 43691 | Desolati | Got a fine silver amulet
 44039 | Elf:2    | Found Guilacyoq's Magic Scroll Emporium.
 44201 | Elf:2    | Identified the amulet of Kikyjin {+Rage Dex+5} (You found it in the Desolation of Salt)
 44202 | Elf:2    | Identified the amulet "Toblocwe" {+Rage rF+++ Str+7 Int-4 Dex-4} (You found it in the Desolation of Salt)
 44203 | Elf:2    | Identified the amulet of Obsession {Gourm Int+2} (You found it in the Desolation of Salt)
 44399 | Elf:2    | Found a huge runed gate.
 44399 | Elf:2    | Found a huge runed gate.
 44399 | Elf:2    | Found a huge runed gate.
 44399 | Elf:2    | Found a huge runed gate.
 44399 | Elf:2    | Found a huge runed gate.
 44904 | Elf:3    | Entered Level 3 of the Elven Halls
 44906 | Elf:3    | Got a steaming cloak
 44917 | Elf:3    | Identified the +0 cloak of the World {MR+ Regen+ Stlth+} (You acquired it on level 3 of the Elven Halls)
 44930 | Elf:3    | Found Lum Saist's Jewellery Boutique.
 44931 | Elf:3    | Found Eminwong's Gadget Shoppe.
 44932 | Elf:3    | Found Ylufoh's Jewellery Boutique.
 45254 | Elf:3    | Found Ponag's General Store.
 45357 | Elf:3    | Noticed a Tzitzimitl
 45358 | Elf:3    | Noticed a Tzitzimitl
 45409 | Elf:3    | Noticed a Brimstone Fiend
 45830 | Elf:3    | Reached XP level 21. HP: 137/137 MP: 32/32
 46013 | Elf:3    | Identified the Volume of Supportive Toxins
 46060 | Elf:3    | Got a scorched ivory ring
 46289 | Elf:3    | Got a jewelled spear
 46376 | Elf:3    | Identified the ring "Waniwut" {Wiz +Fly MR+} (You found it on level 3 of the Elven Halls)
 46377 | Elf:3    | Identified the +5 spear of Xash {pierce, rPois} (You found it on level 3 of the Elven Halls)
 46536 | Elf:1    | Reached skill level 10 in Dodging
 46737 | Depths:1 | Entered Level 1 of the Depths
 46737 | Depths:1 | Found a gateway to Hell.
 46743 | Depths:1 | Reached skill level 19 in Polearms
 46801 | Depths:1 | Noticed Bai Suzhen
 46818 | Depths:1 | Killed Bai Suzhen
 47010 | Depths:1 | Found a one-way gate to the infinite horrors of the Abyss.
 47476 | Depths:1 | Found a gateway to a ziggurat.
 47676 | Vaults:1 | Entered Level 1 of the Vaults
 47899 | Vaults:1 | Found Buwnits's General Store.
 47971 | Vaults:1 | Found Osoybiets's Gadget Shop.
 48093 | Vaults:1 | Found Laem's Weapon Boutique.
 48368 | Vaults:1 | Found Legec's Magic Scroll Shop.
 49392 | Vaults:2 | Reached XP level 22. HP: 145/145 MP: 34/34
 50080 | Vaults:2 | Found a staircase to the Crypt.
 50873 | Vaults:3 | Reached skill level 20 in Polearms
 51953 | Vaults:4 | Found Tuclar's Antique Weapon Boutique.
 52138 | Vaults:4 | Reached XP level 23. HP: 139/152 MP: 35/35
 53475 | Vaults:5 | Entered Level 5 of the Vaults
 53660 | Vaults:5 | Noticed an ancient lich
 53710 | Vaults:5 | Killed an ancient lich
 53814 | Vaults:5 | Reached XP level 24. HP: 159/159 MP: 35/35
 53870 | Vaults:5 | Noticed an ancient lich
 53891 | Vaults:5 | Killed an ancient lich
 53891 | Vaults:5 | Reached skill level 21 in Polearms
 54104 | Vaults:5 | Identified Sif Muna's Volume of the Bewitching Arsonist
 54310 | Vaults:5 | Got a pair of warped boots
 54316 | Vaults:5 | Identified the +2 pair of boots of Ibli {rF+ MR+ Dex+6} (You found it on level 5 of the Vaults)
 54343 | Vaults:5 | Cast into level 2 of the Abyss (deep elf mage)
 54343 | Abyss:2  | Found a corrupted altar of Lugonu.
 54483 | Abyss:2  | Noticed an ancient lich
 54506 | Abyss:2  | Killed an ancient lich
 54543 | Abyss:2  | Reached skill level 15 in Shields
 54555 | Vaults:5 | Escaped the Abyss
 54798 | Vaults:5 | Noticed Boris
 54805 | Vaults:5 | Killed Boris
 54920 | Vaults:5 | Got a silver rune of Zot
 54991 | Vaults:5 | Identified Olouquuc's Almanac of the Mutagenic Traveller
 55202 | Vaults:5 | Reached XP level 25. HP: 165/165 MP: 36/36
 56249 | Depths:2 | Got a faintly glowing tin amulet
 56850 | Depths:3 | Reached skill level 22 in Polearms
 56943 | Depths:3 | Identified the amulet of Zin's Condemnation {+Blink +Fly Regen+ Str+6 Dex+2} (You found it on level 2 of the Depths)
 57691 | Depths:3 | Noticed Jory
 57712 | Depths:3 | Killed Jory
 57924 | Depths:3 | Reached XP level 26. HP: 172/172 MP: 36/36
 59260 | Depths:5 | Entered Level 5 of the Depths
 59493 | Depths:5 | Found a gate to the Realm of Zot.
 59716 | Depths:5 | Found a runed door.
 60007 | Depths:5 | Found a flickering gateway to a bazaar.
 60176 | Bazaar   | Entered a bazaar
 60194 | Bazaar   | Found Ejellipt's Armour Shop.
 60207 | Bazaar   | Found Ciadghair's Magic Scroll Boutique.
 60207 | Bazaar   | Found Viblaic's Food Shop.
 60238 | Bazaar   | Found Qategepn's Antique Armour Shop.
 60735 | Slime:1  | Entered Level 1 of the Pits of Slime
 60772 | Slime:1  | Gained mutation: You are very dopey. (Int -4) [a shining eye]
 60779 | Slime:1  | Gained mutation: Armour fits poorly on your strangely shaped body. [a shining eye]
 60793 | Slime:1  | Gained mutation: You are weak. (Str -2) [a shining eye]
 60798 | Slime:1  | Gained mutation: You expend magic power (3 MP) to strengthen your wands. [a shining eye]
 60895 | Slime:1  | Gained mutation: You are occasionally teleported next to monsters. [a shining eye]
 61135 | Slime:1  | Reached XP level 27. HP: 163/179 MP: 36/36
 61742 | Slime:3  | Gained mutation: You are clumsy. (Dex -2) [a shining eye]
 61746 | Slime:3  | Gained mutation: You are frail. (-10% HP) [a shining eye]
 61749 | Slime:3  | Gained mutation: You are sometimes teleported next to monsters. [a shining eye]
 61755 | Slime:3  | Gained mutation: You are very clumsy. (Dex -4) [a shining eye]
 62396 | Slime:4  | Reached skill level 23 in Polearms
 63042 | Slime:5  | Entered Level 5 of the Pits of Slime
 63097 | Slime:5  | Noticed the Royal Jelly
 63262 | Slime:5  | Gained mutation: You occasionally shout uncontrollably at your foes. [a shining eye]
 63347 | Slime:5  | Found a viscous altar of Jiyva.
 63351 | Slime:5  | Gained mutation: Your spells are a little easier to cast, but a little less powerful. [a shining eye]
 63354 | Slime:5  | Lost mutation: You are frail. (-10% HP) [a shining eye]
 63364 | Slime:5  | Gained mutation: You are frail. (-10% HP) [a shining eye]
 63503 | Slime:5  | Killed the Royal Jelly
 63997 | Slime:5  | Gained mutation: Your magical capacity is low. (-10% MP) [a shining eye]
 63998 | Slime:5  | Gained mutation: You sometimes yell uncontrollably at your foes. [a shining eye]
 64002 | Slime:5  | Lost mutation: Armour fits poorly on your strangely shaped body. [a shining eye]
 64055 | Slime:5  | Got an iridescent spear
 64122 | Slime:5  | Got a slimy rune of Zot
 64137 | Slime:5  | Got a heavily runed lead amulet
 64139 | Slime:5  | Identified the Tome of Helpful Summoning
 64143 | Slime:5  | Identified the +6 spear of Karma {pain, MR+ Str+3 Stlth+} (You found it on level 5 of the Pits of Slime)
 64144 | Slime:5  | Identified the amulet "Ajet Jav" {Spirit rElec rPois rN+ Stlth-} (You found it on level 5 of the Pits of Slime)
 64743 | Crypt:1  | Entered Level 1 of the Crypt
 65827 | Crypt:2  | Got a scintillating tin ring
 65828 | Crypt:2  | Identified the ring "Gyph" {Ice rN+} (You acquired it on level 2 of the Crypt)
 65930 | Crypt:2  | Noticed Saint Roka
 66002 | Crypt:2  | Killed Saint Roka
 66123 | Crypt:2  | Noticed Mara
 66135 | Crypt:2  | Noticed Xtahua
 66142 | Crypt:2  | Noticed kae's illusion
 66161 | Crypt:2  | Killed Mara
 66168 | Crypt:2  | Killed Xtahua
 66374 | Crypt:2  | Noticed an ancient lich
 66391 | Crypt:2  | Killed an ancient lich
 66422 | Crypt:2  | Identified a +2 pair of boots of running (You found it on level 2 of the Crypt)
 67136 | Crypt:3  | Entered Level 3 of the Crypt
 67262 | Crypt:3  | Found a basalt altar of Yredelemnul.
 67397 | Crypt:3  | Reached skill level 24 in Polearms
 67755 | Crypt:3  | Found a staircase to the Tomb.
 67927 | Crypt:3  | Got a steaming ivory ring
 68344 | Tomb:1   | Entered Level 1 of the Tomb of the Ancients
 68345 | Tomb:1   | Identified the ring of Departure {rF- rN+ MR+ Int+3} (You found it on level 3 of the Crypt)
 68351 | Tomb:1   | Noticed Khufu
 68351 | Tomb:1   | Noticed a greater mummy
 68352 | Tomb:1   | Noticed a greater mummy
 68362 | Tomb:1   | Killed a greater mummy
 68376 | Tomb:1   | Killed a greater mummy
 68391 | Tomb:1   | Killed Khufu
 68600 | Tomb:1   | Noticed a greater mummy
 68601 | Tomb:1   | Noticed a greater mummy
 68603 | Tomb:1   | Noticed a greater mummy
 68605 | Tomb:1   | Noticed a greater mummy
 68625 | Tomb:1   | Killed a greater mummy
 68629 | Tomb:1   | Killed a greater mummy
 68788 | Tomb:2   | Noticed a greater mummy
 68788 | Tomb:2   | Noticed a greater mummy
 68788 | Tomb:2   | Noticed a greater mummy
 68788 | Tomb:2   | Noticed a greater mummy
 68962 | Tomb:1   | Reached skill level 15 in Dodging
 68976 | Tomb:1   | Noticed a greater mummy
 68997 | Tomb:1   | Killed a greater mummy
 69128 | Tomb:1   | Noticed Frederick
 69137 | Tomb:1   | Killed Frederick
 69158 | Tomb:1   | Noticed a greater mummy
 69172 | Tomb:1   | Killed a greater mummy
 69179 | Tomb:1   | Reached skill level 25 in Polearms
 69693 | Tomb:1   | Noticed a greater mummy
 69693 | Tomb:1   | Noticed a greater mummy
 69705 | Tomb:1   | Killed a greater mummy
 69718 | Tomb:1   | Killed a greater mummy
 69751 | Tomb:1   | Killed a greater mummy
 70038 | Tomb:2   | Noticed a greater mummy
 70275 | Tomb:1   | Killed a greater mummy
 70501 | Tomb:3   | Entered Level 3 of the Tomb of the Ancients
 70522 | Tomb:3   | Noticed a greater mummy
 70522 | Tomb:3   | Noticed a greater mummy
 70597 | Tomb:2   | Cast into level 5 of the Abyss (the power of Zot)
 70597 | Abyss:5  | Entered Level 5 of the Abyss
 71238 | Tomb:2   | Escaped the Abyss
 71544 | Tomb:2   | Killed a greater mummy
 72165 | Vaults:4 | Lost mutation: You are very dopey. (Int -4) [potion of mutation]
 72165 | Vaults:4 | Lost mutation: Your magical capacity is low. (-10% MP) [potion of mutation]
 72165 | Vaults:4 | Lost mutation: You are dopey. (Int -2) [potion of mutation]
 72165 | Vaults:4 | Lost mutation: Your movements are slightly less encumbered by armour. (ER -2) [potion of mutation]
 72165 | Vaults:4 | Gained mutation: You are resistant to hostile enchantments. (MR+) [potion of mutation]
 72165 | Vaults:4 | Gained mutation: You are partially covered in large bone plates. (SH +4) [potion of mutation]
 72188 | Vaults:4 | Lost mutation: You are very clumsy. (Dex -4) [potion of mutation]
 72188 | Vaults:4 | Lost mutation: You sometimes yell uncontrollably at your foes. [potion of mutation]
 72188 | Vaults:4 | Gained mutation: You are highly resistant to hostile enchantments. (MR++) [potion of mutation]
 72661 | Tomb:1   | Noticed a greater mummy
 72661 | Tomb:1   | Noticed a greater mummy
 72661 | Tomb:1   | Noticed a greater mummy
 73135 | Tomb:1   | Killed a greater mummy
 73148 | Tomb:1   | Noticed a greater mummy
 73152 | Tomb:1   | Killed a greater mummy
 73161 | Tomb:1   | Killed a greater mummy
 73185 | Tomb:1   | Killed a greater mummy
 73271 | Tomb:1   | Noticed a greater mummy
 73288 | Tomb:1   | Killed a greater mummy
 73400 | Tomb:1   | Noticed a greater mummy
 73419 | Tomb:1   | Killed a greater mummy
 73446 | Tomb:1   | Killed a greater mummy
 73731 | Tomb:2   | Killed a greater mummy
 73889 | Tomb:1   | Killed a greater mummy
 74223 | Tomb:2   | Killed a greater mummy
 74223 | Tomb:2   | Reached skill level 26 in Polearms
 74493 | Tomb:3   | Noticed Mennas
 74495 | Tomb:3   | Noticed a greater mummy
 74498 | Tomb:3   | Noticed a greater mummy
 74501 | Tomb:3   | Noticed a greater mummy
 74523 | Tomb:3   | Paralysed by the power of Zot for 3 turns
 74538 | Tomb:3   | HP: 5/165 [greater mummy/divine providence (12)]
 74539 | Tomb:3   | Noticed a greater mummy
 74540 | Tomb:3   | Mangled by a death scarab

Skill      XL: |  1  2  3  4  5  6  7  8  9 10 11 12 13 14 15 16 17 18 19 20 21 22 23 24 25 26 27 |
---------------+----------------------------------------------------------------------------------+-----
Polearms       | 2 3 4 5 7 8 9 11 12 13 14 15 16 17 18 19 20 21 22 26 | 26.0
Fighting       | 4 5 6 7 9 10 11 12 13 14 15 16 17 18 19 20 22 | 22.0
Armour         | 4 5 6 7 9 10 11 12 13 14 15 16 17 18 19 20 22 | 22.2
Invocations    | 3 5 6 8 9 11 12 13 14 15 16 17 18 19 21 | 21.4
Dodging        | 3 4 6 7 8 9 10 11 12 13 15 | 15.7
Shields        | 5 6 8 9 11 12 13 14 15 16 19 | 19.7

Action                   |  1- 3 |  4- 6 |  7- 9 | 10-12 | 13-15 | 16-18 | 19-21 | 22-24 | 25-27 || total
-------------------------+-------+-------+-------+-------+-------+-------+-------+-------+-------++-------
Melee: Trident           |   126 |   177 |   696 |  1144 |  1739 |   551 |       |       |       ||  4433
       Demon trident     |       |       |       |       |   708 |       |       |       |       ||   708
       Lance             |       |       |       |       |       |  2760 |  2337 |  1848 |  4293 || 11238
       Headbutt          |       |       |       |       |       |       |   467 |   534 |  1376 ||  2377
Invok: Minor Destruction |       |       |    11 |    40 |    26 |       |       |       |     2 ||    79
       Lesser Servant of |       |       |       |     9 |    30 |    29 |    17 |     1 |    10 ||    96
       Greater Servant o |       |       |       |       |       |       |     2 |     2 |    12 ||    16
 Abil: Fly               |       |       |       |       |       |     1 |       |       |       ||     1
Evoke: Wand              |       |       |       |       |     2 |       |       |       |       ||     2
  Use: Scroll            |     3 |     5 |    12 |    10 |     6 |    14 |    22 |     2 |    39 ||   113
       Potion            |       |       |     9 |     2 |       |     2 |     3 |       |    20 ||    36
 Stab: Distracted        |       |       |       |     2 |     4 |     9 |     8 |     3 |     4 ||    30
       Petrified         |       |       |       |       |       |     5 |       |       |       ||     5
  Eat: Chunk             |       |     5 |    17 |    20 |    41 |    38 |    34 |    17 |    27 ||   199
       Fruit             |       |       |     3 |     2 |       |     3 |     1 |       |     5 ||    14
       Bread ration      |       |       |     1 |     2 |       |       |       |     1 |     8 ||    12
Armor: Scale mail        |    47 |    12 |       |       |       |       |       |       |       ||    59
       Ring mail         |       |    48 |   305 |   250 |       |       |       |       |       ||   603
       Skin              |       |       |     2 |       |       |       |       |       |       ||     2
       Plate armour      |       |       |       |   442 |   279 |       |       |       |       ||   721
       Crystal plate arm |       |       |       |       |  1008 |  1762 |   575 |   547 |  1113 ||  5005
Dodge: Dodged            |    37 |    40 |   271 |   406 |   472 |   591 |   172 |   250 |   736 ||  2975
Block: Shield            |    56 |    60 |   311 |   693 |  1292 |       |       |       |       ||  2412
       Reflection        |       |       |       |       |    54 |    51 |    91 |    87 |   102 ||   385
       Large shield      |       |       |       |       |   411 |  3740 |  1566 |  1509 |  3644 || 10870
